 Dungeon Crawl Stone Soup version 0.17-a0-701-gb6462b4 (webtiles) character file.

186610 tsouns the Warrior (level 17, -3/161 HPs)
             Began as a Centaur Hunter on Apr 6, 2015.
             Was an Elder of Qazlal.
             Killed by divine providence
             ... invoked by a deep elf priest
              (13 damage)
             ... on level 1 of the Elven Halls on Apr 19, 2015.
             The game lasted 03:17:48 (39922 turns).

tsouns the Warrior (Centaur Hunter)                Turns: 39922, Time: 03:17:48

Health: -3/161     AC: 29    Str: 15    XL:     17   Next: 85%
Magic:  24/34      EV: 15    Int: 14    God:    Qazlal [****..]
Gold:   1816       SH:  5    Dex: 13    Spells: 6 memorised, 8 levels left

rFire  . . .     SeeInvis .     j - +3 lajatang (vamp)
rCold  + . .     Clarity  +     V - +3 ring mail of Terror {MP+9}
rNeg   . . .     SustAb   .     (no shield)
rPois  +         Gourm    .     O - +2 helmet
rElec  +         Spirit   .     k - +2 cloak of Starlight {rElec rC+ EV+4 Stlth--}
rCorr  .         Warding  .     m - +2 pair of gloves
rMut   .         Stasis   .     N - +3 centaur barding
MR     +....                    W - amulet of clarity
Stlth  ..........               g - ring of wizardry
                                l - ring of poison resistance

@: repel missiles, drained, very quick, somewhat resistant to hostile
enchantments, extremely unstealthy
A: hooves 3, deformed body, speed 2, tough skin 3
a: Upheaval, Elemental Force, Renounce Religion


You were on level 1 of the Elven Halls.
You worshipped Qazlal.
Qazlal was greatly pleased with you.
You were not hungry.

You visited 8 branches of the dungeon, and saw 38 of its levels.
You also visited: Labyrinth, Bailey and Ice Cave.

You collected 3593 gold pieces.
You spent 1777 gold pieces at shops.

Inventory:

Hand weapons
 j - a +3 vampiric lajatang (weapon)
 s - a +0 lajatang
Missiles
 c - 4 throwing nets
 d - 6 javelins (quivered)
 y - 69 tomahawks
Armour
 k - the +2 cloak of Starlight (worn) {rElec rC+ EV+4 Stlth--}
   (You found it on level 2 of the Snake Pit)

   It affects your evasion (+4).
   It protects you from cold.
   It insulates you from electricity.
   It makes you much less stealthy.
 m - a +2 pair of gloves (worn)
 N - a +3 centaur barding (worn)
 O - a +2 helmet (worn)
 V - the +3 ring mail of Terror (worn) {MP+9}
   (You bought it in a shop on level 4 of the Orcish Mines)

   It affects your magic capacity (+9).
 Z - the +2 cloak of Paonk {rCorr Str+7}
   (You bought it in a shop on level 4 of the Orcish Mines)

   It affects your strength (+7).
   It protects you from acid and corrosion.
Rods
 H - a +4 lightning rod (9/9)
   (You found it in a labyrinth)
 I - a +7 rod of shadows (11/11)
   (You found it in a labyrinth)
Jewellery
 g - a ring of wizardry (right hand)
 l - a ring of poison resistance (left hand)
 B - an uncursed ring of teleportation
 R - an uncursed ring of protection from cold
 W - an amulet of clarity (around neck)
Magical devices
 p - a wand of heal wounds (3)
 t - a wand of digging (10)
 C - a wand of teleportation (4)
 E - a wand of disintegration (8)
 X - a wand of polymorph (11)
Scrolls
 a - 8 scrolls of remove curse
 h - 4 scrolls of fear
 q - 7 scrolls of magic mapping
 v - 4 scrolls of holy word
 J - 6 scrolls of identify
 M - 2 scrolls of blinking
 T - 2 scrolls of recharging
 U - 8 scrolls of teleportation
 Y - 3 scrolls of fog
Potions
 b - 5 potions of flight
 e - 2 potions of cure mutation
 i - 2 potions of brilliance
 o - 4 potions of curing
 w - 4 potions of ambrosia
 x - 3 potions of restore abilities
 A - 6 potions of might
 F - a potion of invisibility
 K - 5 potions of haste
 L - 2 potions of magic
 P - 2 potions of cancellation
 Q - 2 potions of resistance
Books
 n - a book of the Dragon

   Spells                             Type                      Level
   a - Flight                         Charms/Air                   3
   b - Cause Fear                     Hexes                        4
   c - Bolt of Fire                   Conjuration/Fire             6
   d - Dragon Form                    Transmutation                7
   e - Dragon's Call                  Summoning                    9
 S - a book of the Warp

   Spells                             Type                      Level
   a - Recall                         Summoning/Translocation      3
   b - Gell's Gravitas                Hexes/Translocation          3
   c - Control Teleport               Charms/Translocation         4
   d - Force Lance                    Conjuration/Translocation    4
   e - Phase Shift                    Translocation                5
   f - Warp Weapon                    Charms/Translocation         5
   g - Summon Forest                  Summoning/Translocation      5
Comestibles
 f - 14 bread rations
 z - 13 meat rations


   Skills:
 * Level 17.0(16.2) Fighting
 - Level 5.8(10.4) Maces & Flails
 - Level 14.4(14.0) Staves
 - Level 6.7(6.0) Throwing
 + Level 9.0(8.3) Armour
 + Level 10.8(10.1) Dodging
 - Level 0.5(0.0) Stealth
 - Level 5.6(5.0) Spellcasting
 + Level 4.8(4.2) Translocations
 - Level 8.1(7.4) Invocations
 - Level 5.6(4.9) Evocations


You had 8 spell levels left.
You knew the following spells:

 Your Spells              Type           Power        Failure   Level  Hunger
a - Cure Poison           Pois           #.........   24%         2    ##.....
b - Stoneskin             Trmt/Erth      #.......     24%         2    ##.....
c - Gell's Gravitas       Hex/Tloc       #.........   19%         3    ###....
d - Regeneration          Chrm/Necr      #.........   56%         3    ###....
e - Phase Shift           Tloc           ###.......   73%         5    ######.
f - Control Teleport      Chrm/Tloc      #.........   73%         4    ####...


Dungeon Overview and Level Annotations

Branches:
Dungeon (15/15)            Temple (1/1) D:5            Lair (8/8) D:8
 Shoals (3/5) Lair:6        Snake (5/5) Lair:4        Slime (0/6) Lair:7
    Orc (4/4) D:11            Elf (1/3) Orc:3        Vaults (0/5) D:14
 Depths (1/5) D:15

Altars:
Ashenzari
Cheibriados
Dithmenos
Elyvilon
Fedhas
Gozag
Kikubaaqudgha
Makhleb
Nemelex Xobeh
Okawaru
Qazlal
Ru
Sif Muna
Trog
Vehumet
Xom
Yredelemnul
Zin
The Shining One
Beogh
Jiyva

Shops:
D:6 =!   Orc:2 %   Orc:4 }(=*[   Snake:1 (*?   Snake:3 :((   Snake:4 *

Portals:
Trove: D:15 (give wand of heal wounds (9))

Annotations:
D:14 Sonja
Snake:2 exclusion: Roxanne, Roxanne


Innate Abilities, Weirdness & Mutations

You have hooves in place of feet.
Armour fits poorly on your strangely shaped body.
You cover ground very quickly.
You have extremely tough skin (AC +3).


Message History

Use which ability? (? or * to list) Clouds arounds you coalesce and take form!
The deep elf conjurer hits you but does no damage.
You block the deep elf knight's attack.
The deep elf conjurer hits you but does no damage.
The deep elf priest hits you with a vampiric scimitar.
* * * LOW HITPOINT WARNING * * *
The deep elf conjurer closely misses you.
The deep elf conjurer misses you. The deep elf mage barely misses you.
Unknown command.
The air elemental hits your earth elemental!
Your air elemental barely misses the deep elf knight. x2
The deep elf conjurer points at you and mumbles some strange words.
The bolt of negative energy hits you!
You feel drained.
* * * LOW HITPOINT WARNING * * *
The bolt of negative energy hits your water elemental.
Your water elemental completely resists.
The deep elf priest mumbles some strange prayers to its god against you.
Something smites you!
You die...

.........
...........
.#.%.........
?.#......8...P.
#.##...8.)...8..
......!).§>.....
#.....EEee.......
..##.P.8e§e8.>.8..
#.#...§@ee.......
##.#...EEEE(....
#...8..)..8..
#.....§8.....
.............
.####........
#.........
#........ #..


You could see a deep elf knight, 3 deep elf conjurers, a deep elf priest, a deep
elf mage, a neutral air elemental, a friendly earth elemental, a friendly water
elemental, a friendly fire elemental and 2 friendly air elementals.

Vanquished Creatures
  Norris (D:14)
  Saint Roka (Snake:2)
  Vashnia (Snake:2)
  Rupert (D:14)
  An Ice Fiend (IceCv)
  Polyphemus (Shoals:2)
  A fire giant (Depths:1)
  A greater naga (Snake:4)
  Aizul (Snake:3)
  2 orc warlords
  Nessos (Orc:3)
  A stone giant (Depths:1)
  A dire elephant (D:15)
  A minotaur (Lab)
  3 merfolk impalers
  4 naga warriors
  11 hydras
  2 catoblepae
  5 anacondas
  2 merfolk avatars
  A merfolk aquamancer (Shoals:2)
  9 death yaks
  2 centaur warriors
  A tengu warrior (D:14)
  2 orc high priests
  Urug (D:15)
  2 shock serpents
  6 naga sharpshooters
  A wizard (D:14)
  7 sea snakes
  A deep elf knight (Elf:1)
  A salamander mystic (Snake:4)
  4 unseen horrors
  3 deep trolls (Orc:2)
  5 ice devils (IceCv)
  3 naga ritualists
  5 hill giants
  A deep elf summoner (Elf:1)
  4 ice statues (IceCv)
  5 griffons
  15 harpies
  5 fauns
  A wolf spider (D:15)
  3 deep elf conjurers (Elf:1)
  7 orc knights
  9 ugly things
  3 water nymphs
  4 orc sorcerers
  8 naga magi
  6 mana vipers
  9 elephants (Lair:8)
  7 salamanders
  4 cyclopes
  26 black mambas
  9 manticores
  2 guardian serpents (Snake:4)
  2 sirens (Shoals:2)
  10 spiny frogs
  5 kobold demonologists
  2 fire drakes
  A queen ant (Lair:8)
  A tengu conjurer (D:14)
  2 anaconda simulacra (IceCv)
  14 komodo dragons
  2 deep elf priests
  6 blue devils (IceCv)
  9 merfolk
  2 golden dragon simulacra (IceCv)
  5 trolls
  10 polar bears
  A red devil (Orc:4)
  Grinder (D:3)
  8 blink frogs
  A two-headed ogre (D:11)
  3 wind drakes
  3 raiju (Lair:8)
  2 ravens (D:14)
  A boulder beetle (Lair:7)
  2 slime creatures (D:15)
  2 wraiths
  2 water elementals (Shoals:2)
  A tarantella (Elf:1)
  2 fire elementals
  4 snapping turtles (Shoals:1)
  43 yaks
  2 trapdoor spiders
  An air elemental (Orc:4)
  3 deep elf magi (Elf:1)
  A redback (Elf:1)
  The ghost of Somebody the Skirmisher, an average NaTm of Cheibriados (D:3)
  3 deep elf fighters
  16 humans (D:14)
  20 hippogriffs
  4 hungry ghosts
  3 vampire mosquitoes (D:13)
  A hippogriff (shapeshifter) (Orc:3)
  4 basilisks
  2 harpy simulacra (IceCv)
  Menkaure (D:4)
  3 hydra simulacra (IceCv)
  11 wargs
  Edmund (D:6)
  28 nagas
  7 soldier ants
  3 hell hounds (Lair:8)
  32 wolves
  58 orc warriors
  Duvessa (D:4)
  19 water moccasins
  4 porcupines
  4 phantoms
  4 sky beasts
  A wasp (D:9)
  13 black bears
  12 ice beasts
  2 boring beetles
  14 ogres
  5 necrophages
  18 giant frogs
  11 centaurs
  Blork the orc (D:5)
  15 crocodiles
  8 big kobolds
  Dowan (D:4)
  A wyvern zombie (D:12)
  3 scorpions
  2 wyvern skeletons
  A troll zombie (D:11)
  4 killer bees (D:12)
  A quasit (D:10)
  10 wights
  12 crimson imps
  3 electric eels
  2 giant frog zombies
  A goliath beetle (D:7)
  25 hounds
  3 iguanas
  A jelly (Lair:7)
  2 centaur zombies
  33 orc priests
  3 giant frog skeletons
  Crazy Yiuf (D:6)
  A gnoll shaman (D:7)
  A centaur skeleton (D:4)
  40 orc wizards
  30 worker ants
  17 sheep
  3 killer bee zombies
  5 ogre zombies (D:11)
  A hound skeleton (D:7)
  6 gnolls
  26 adders
  44 river rats
  2 shadow imps
  An ufetubus (D:12)
  An adder skeleton (D:9)
  14 orc zombies
  4 oozes
  196 orcs
  3 ball pythons
  13 bats
  A bat skeleton (D:6)
  8 giant cockroaches
  13 goblins
  19 hobgoblins
  13 jackals
  8 quokkas
  7 giant geckos
  4 giant newts
  A giant spore (D:12)
  2 goblin skeletons (D:11)
  3 goblin zombies (D:11)
  A hobgoblin skeleton (D:11)
  A jackal zombie (D:6)
  28 kobolds
  An orc skeleton (D:11)
  11 rats
  4 ballistomycetes
  A bush (Lair:7)
  39 fungi
  60 plants
1450 creatures vanquished.

Vanquished Creatures (collateral kills)
  Jorgrun (Snake:2)
  2 orc warlords
  A hydra (Lair:8)
  An orc knight (Orc:3)
  A spiny frog (Lair:8)
  A dire elephant simulacrum (IceCv)
  An orc warrior (Orc:4)
  2 orc wizards (Orc:4)
  An orc (Orc:3)
11 creatures vanquished.

Vanquished Creatures (others)
  A salamander (Snake:4)
  17 drowned souls
  An air elemental (Orc:3)
  2 fire elementals (Lair:8)
  A water elemental (Lair:8)
  2 earth elementals
  A worker ant (D:8)
  A gnoll (D:7)
  3 orcs
  A goblin (D:7)
  A giant spore (D:9)
  9 eldritch tentacle segments (Elf:1)
  3 fungi
  7 plants
50 creatures vanquished.

Grand Total: 1511 creatures vanquished

Notes
Turn   | Place    | Note
--------------------------------------------------------------
     0 | D:1      | tsouns, the Centaur Hunter, began the quest for the Orb.
     0 | D:1      | Reached XP level 1. HP: 17/17 MP: 1/1
   298 | D:1      | Reached XP level 2. HP: 14/24 MP: 2/2
   430 | D:1      | Reached skill level 6 in Throwing
  1060 | D:2      | Reached XP level 3. HP: 13/29 MP: 3/3
  1454 | D:2      | Reached skill level 1 in Staves
  1566 | D:2      | Reached XP level 4. HP: 32/37 MP: 4/4
  1910 | D:3      | Noticed Grinder
  1920 | D:3      | Paralysed by Grinder for 6 turns
  1932 | D:3      | Paralysed by Grinder for 4 turns
  1942 | D:3      | Killed Grinder
  1942 | D:3      | Reached XP level 5. HP: 3/45 MP: 5/5
  1942 | D:3      | Reached XP level 6. HP: 3/51 MP: 6/6
  2347 | D:3      | Noticed Somebody's ghost (average NaTm)
  2378 | D:3      | Killed Somebody's ghost
  2847 | D:3      | Reached XP level 7. HP: 34/59 MP: 7/7
  3299 | D:3      | Found a basalt altar of Yredelemnul.
  3535 | D:4      | Reached skill level 5 in Staves
  4005 | D:4      | Noticed Menkaure
  4011 | D:4      | Killed Menkaure
  4085 | D:4      | Noticed Dowan
  4086 | D:4      | Noticed Duvessa
  4099 | D:4      | Killed Duvessa
  4107 | D:4      | Killed Dowan
  4107 | D:4      | Reached skill level 5 in Fighting
  4655 | D:4      | Got a transparent robe
  4685 | D:4      | Identified the +1 robe of the Seven Demons {MR+} (You found it on level 4 of the Dungeon)
  4948 | D:5      | Entered Level 5 of the Dungeon
  5011 | D:5      | Reached XP level 8. HP: 64/68 MP: 8/8
  5210 | D:5      | Found a shadowy altar of Dithmenos.
  5271 | D:5      | Found a staircase to the Ecumenical Temple.
  5288 | Temple   | Entered the Ecumenical Temple
  5393 | Temple   | Became a worshipper of Qazlal Stormbringer
  5414 | D:5      | Noticed Blork the orc
  5423 | D:5      | Killed Blork the orc
  5995 | D:6      | Noticed Crazy Yiuf
  6015 | D:6      | Paralysed by Crazy Yiuf for 7 turns
  6031 | D:6      | Killed Crazy Yiuf
  6260 | D:6      | Reached skill level 7 in Staves
  6416 | D:6      | Found Retess's Jewellery Shop.
  6444 | D:6      | Bought an uncursed ring of poison resistance for 200 gold pieces
  6461 | D:6      | Noticed Edmund
  6497 | D:6      | Killed Edmund
  6729 | D:6      | Acquired Qazlal's first power
  6800 | D:6      | Found Laofamee's Distillery.
  6804 | D:6      | Bought a potion of curing for 39 gold pieces
  6804 | D:6      | Bought a potion of might for 52 gold pieces
  6804 | D:6      | Bought a potion of degeneration for 13 gold pieces
  6920 | D:6      | Reached skill level 8 in Staves
  6920 | D:6      | Reached XP level 9. HP: 60/78 MP: 9/9
  7879 | D:7      | Acquired Qazlal's second power
  7959 | D:8      | Reached skill level 9 in Staves
  8295 | D:8      | Reached XP level 10. HP: 77/86 MP: 10/10
  8361 | D:8      | Acquired Qazlal's third power
  8457 | D:8      | Found a staircase to the Lair.
  8504 | D:8      | Found a shattered altar of Ashenzari.
  8588 | D:8      | Found a deep blue altar of Sif Muna.
  8642 | Lair:1   | Entered Level 1 of the Lair of Beasts
  8642 | Lair:1   | Noticed a five-headed hydra
  8646 | Lair:1   | Reached skill level 10 in Staves
  8660 | Lair:1   | Killed a five-headed hydra
  8918 | Lair:1   | Reached skill level 5 in Dodging
  8949 | Lair:1   | Found a labyrinth entrance.
  8960 | Lab      | Entered a labyrinth
  9213 | Lab      | Noticed a minotaur
  9221 | Lab      | Killed a minotaur
  9221 | Lab      | Reached skill level 11 in Staves
  9224 | Lab      | Got a crystal morningstar {freeze}
  9612 | Lair:1   | Identified the +3 morningstar of Vifoniv {freeze, MR+ Str+2 Dex+4} (You took it off a minotaur in a labyrinth)
 10278 | Lair:2   | Reached XP level 11. HP: 97/97 MP: 11/11
 10452 | Lair:2   | Reached skill level 1 in Maces & Flails
 10562 | Lair:2   | Acquired Qazlal's fourth power
 11613 | Lair:3   | Learned a level 2 spell: Cure Poison
 11799 | Lair:3   | Noticed a five-headed hydra
 11811 | Lair:3   | Killed a five-headed hydra
 12197 | Lair:3   | Reached skill level 10 in Fighting
 12783 | Lair:3   | Reached skill level 5 in Maces & Flails
 13215 | Lair:4   | Noticed an eight-headed hydra
 13223 | Lair:4   | Killed an eight-headed hydra
 13298 | Lair:4   | Identified a scroll of acquirement
 13357 | Lair:4   | Reached XP level 12. HP: 100/107 MP: 12/12
 13385 | Lair:4   | Noticed an eight-headed hydra
 13783 | Lair:4   | Killed a ten-headed hydra
 13783 | Lair:4   | Reached skill level 1 in Invocations
 14189 | Lair:4   | Found a staircase to the Snake Pit.
 14481 | Lair:5   | Noticed a six-headed hydra
 14500 | Lair:5   | Killed a six-headed hydra
 14868 | Lair:5   | Identified a +7 rod of shadows (11/11) (You found it in a labyrinth)
 15029 | Lair:5   | Acquired Qazlal's fifth power
 15029 | Lair:5   | Reached skill level 5 in Invocations
 15606 | Lair:6   | Found a staircase to the Shoals.
 15642 | Lair:6   | Learned a level 2 spell: Stoneskin
 16627 | Lair:7   | Noticed a four-headed hydra
 16648 | Lair:7   | Killed a four-headed hydra
 17071 | Lair:7   | Reached skill level 12 in Staves
 17094 | Lair:7   | Reached XP level 13. HP: 88/116 MP: 18/18
 17124 | Lair:7   | Upgraded the game from 0.17-a0-469-g696e5a1 to 0.17-a0-587-g4707e02
 17205 | Lair:7   | Found a runed door.
 17211 | Lair:7   | Found a viscous altar of Jiyva.
 17211 | Lair:7   | Found a staircase to the Slime Pits.
 17750 | Lair:7   | Learned a level 3 spell: Gell's Gravitas
 18151 | Lair:8   | Entered Level 8 of the Lair of Beasts
 18452 | Lair:8   | Reached skill level 1 in Spellcasting
 19660 | Lair:8   | Reached skill level 13 in Staves
 19925 | Lair:8   | Reached XP level 14. HP: 87/126 MP: 20/20
 20546 | D:9      | Found a glowing silver altar of Zin.
 20549 | D:9      | Found a radiant altar of Vehumet.
 20552 | D:9      | Found a burning altar of Makhleb.
 20555 | D:9      | Found a bloodstained altar of Trog.
 21957 | D:9      | Got an ichor-stained chain mail
 21968 | D:9      | Identified the cursed +1 chain mail of Distant Worlds {rF+ MR+} (You found it on level 9 of the Dungeon)
 21990 | D:10     | Entered Level 10 of the Dungeon
 22886 | D:11     | Reached skill level 1 in Armour
 23128 | D:11     | Found a staircase to the Orcish Mines.
 23738 | D:11     | Upgraded the game from 0.17-a0-587-g4707e02 to 0.17-a0-649-g87edefa
 23938 | Orc:1    | Entered Level 1 of the Orcish Mines
 23941 | Orc:1    | Found a burning altar of Makhleb.
 24487 | Orc:2    | Found Jyhea's Food Shoppe.
 24846 | Orc:3    | Noticed Nessos
 24880 | Orc:3    | Killed Nessos
 25029 | Orc:3    | Found a staircase to the Elven Halls.
 25260 | Orc:3    | Noticed an orc warlord
 25280 | Orc:3    | Killed an orc warlord
 25520 | Orc:3    | Found a roughly hewn altar of Beogh.
 25535 | Orc:3    | Reached skill level 14 in Staves
 25833 | Orc:4    | Entered Level 4 of the Orcish Mines
 26086 | Orc:4    | Noticed an orc warlord
 26135 | Orc:4    | Killed an orc warlord
 26192 | Orc:4    | Found a roughly hewn altar of Beogh.
 26355 | Orc:4    | Found Xuiqieny's Gadget Emporium.
 26622 | Orc:2    | Got a blackened flail
 26626 | Orc:2    | Identified the +5 flail of Royalism {speed, Int+2 Dex-4 SInv} (You took it off an orc on level 2 of the Orcish Mines)
 26757 | Orc:2    | Found a roughly hewn altar of Beogh.
 26762 | Orc:2    | Noticed an orc warlord
 26788 | Orc:2    | Reached XP level 15. HP: 105/136 MP: 21/21
 26793 | Orc:2    | Killed an orc warlord
 26901 | Orc:2    | Learned a level 3 spell: Regeneration
 27193 | Orc:4    | Found Zusirios's Jewellery Emporium.
 27214 | Orc:4    | Found Zuel's General Store.
 27223 | Orc:4    | Bought a wand of teleportation (4) for 384 gold pieces
 27238 | Orc:4    | Found Geneham's Antique Weapon Emporium.
 27385 | Orc:4    | Found Qaohaghi's Antique Armour Emporium.
 27392 | Orc:4    | Bought a heavily runed ring mail for 279 gold pieces
 27392 | Orc:4    | Bought a warped cloak for 294 gold pieces
 27392 | Orc:4    | Bought a twisted leather armour for 217 gold pieces
 27402 | Orc:4    | Identified the +2 cloak of Paonk {rCorr Str+7} (You bought it in a shop on level 4 of the Orcish Mines)
 27413 | Orc:4    | Identified the +3 ring mail of Terror {MP+9} (You bought it in a shop on level 4 of the Orcish Mines)
 27424 | Orc:4    | Identified the +2 leather armour of the Equator {Dex+5} (You bought it in a shop on level 4 of the Orcish Mines)
 28312 | D:12     | Reached skill level 5 in Armour
 28568 | D:13     | Found a flagged portal.
 28586 | Bailey   | Entered a bailey
 28893 | Bailey   | Got an ancient cloak
 28936 | Bailey   | Identified the cursed +0 cloak of Huemedd {rPois} (You found it in a bailey)
 29458 | D:14     | Found a gate to the Vaults.
 29458 | D:14     | Noticed Norris
 29458 | D:14     | Noticed Rupert
 29679 | D:14     | Paralysed by Rupert for 2 turns
 29778 | D:14     | Reached skill level 5 in Spellcasting
 29827 | D:14     | Paralysed by Rupert for 5 turns
 29848 | D:14     | Killed Rupert
 30007 | D:14     | Noticed Sonja
 30048 | D:14     | Paralysed by Norris for 4 turns
 30064 | D:14     | Killed Norris
 30497 | D:15     | Entered Level 15 of the Dungeon
 30497 | D:15     | Noticed Urug
 30510 | D:15     | Killed Urug
 30530 | D:15     | Found a radiant altar of Vehumet.
 30636 | D:15     | Reached skill level 1 in Evocations
 30865 | D:15     | Found a glowing golden altar of the Shining One.
 30979 | D:15     | Found a staircase to the Depths.
 30995 | D:15     | Reached XP level 16. HP: 121/147 MP: 24/24
 31115 | D:15     | Found a portal to a secret trove of treasure.
 31648 | Snake:1  | Entered Level 1 of the Snake Pit
 31727 | Snake:1  | Reached skill level 15 in Fighting
 31947 | Snake:1  | Found Zygexoel's Magic Scroll Shoppe.
 31950 | Snake:1  | Found Osonean's General Store.
 31960 | Snake:1  | Found Sitalep's Weapon Shoppe.
 31961 | Snake:1  | Bought a potion of might for 52 gold pieces
 31961 | Snake:1  | Bought a potion of berserk rage for 65 gold pieces
 31961 | Snake:1  | Bought a potion of agility for 52 gold pieces
 31961 | Snake:1  | Bought a potion of resistance for 130 gold pieces
 32301 | Snake:2  | Noticed Jorgrun
 32313 | Snake:2  | Killed Jorgrun
 32479 | Snake:2  | Noticed Vashnia
 32549 | Snake:2  | Killed Vashnia
 32593 | Snake:2  | Noticed Saint Roka
 32639 | Snake:2  | Killed Saint Roka
 32732 | Snake:2  | Noticed Roxanne
 33670 | Snake:3  | Noticed Aizul
 33703 | Snake:3  | Killed Aizul
 33873 | Snake:3  | Identified a +0 rod of ignition (11/11) (You found it on level 1 of the Snake Pit)
 34041 | Snake:3  | Upgraded the game from 0.17-a0-649-g87edefa to 0.17-a0-670-g5d95ebd
 34115 | Snake:3  | Found Vushunn's Antique Weapon Shoppe.
 34128 | Snake:3  | Found Ceomecrodgh's Weapon Emporium.
 34276 | Snake:3  | Found Jihu's Book Emporium.
 34542 | Snake:4  | Reached skill level 5 in Evocations
 34566 | Snake:4  | Reached skill level 10 in Dodging
 34616 | Snake:4  | Upgraded the game from 0.17-a0-670-g5d95ebd to 0.17-a0-701-gb6462b4
 34973 | Snake:4  | Found Bepett's General Store.
 34984 | Snake:4  | Learned a level 5 spell: Phase Shift
 34989 | Snake:4  | Learned a level 4 spell: Control Teleport
 35306 | Snake:5  | Entered Level 5 of the Snake Pit
 35326 | Snake:5  | Reached skill level 1 in Translocations
 35505 | Snake:4  | Reached XP level 17. HP: 122/158 MP: 25/25
 35720 | Shoals:1 | Entered Level 1 of the Shoals
 35814 | Shoals:1 | Found a frozen archway.
 35823 | Shoals:1 | Reached skill level 16 in Fighting
 35848 | IceCv    | Entered an ice cave
 36462 | IceCv    | Noticed an Ice Fiend
 36615 | IceCv    | Killed an Ice Fiend
 37516 | Shoals:1 | Found a runed door.
 38375 | Shoals:2 | Noticed Polyphemus
 38449 | Shoals:2 | Killed Polyphemus
 39427 | Depths:1 | Entered Level 1 of the Depths
 39430 | Depths:1 | Noticed a lich
 39699 | Elf:1    | Entered Level 1 of the Elven Halls
 39911 | Elf:1    | Reached skill level 17 in Fighting
 39922 | Elf:1    | Killed from afar by a deep elf priest

Action                   |  1- 3 |  4- 6 |  7- 9 | 10-12 | 13-15 | 16-18 || total
-------------------------+-------+-------+-------+-------+-------+-------++-------
Melee: Short sword       |    73 |       |       |       |       |       ||    73
       Quarterstaff      |    31 |    85 |   485 |   385 |   288 |       ||  1274
       Eveningstar       |       |       |       |   207 |       |       ||   207
       Morningstar       |       |       |       |    11 |       |       ||    11
       Staff             |       |       |       |    10 |       |       ||    10
       Lajatang          |       |       |       |    74 |  2256 |  1437 ||  3767
       Unarmed           |       |       |       |       |     2 |       ||     2
Throw: Javelin           |     3 |     8 |    11 |     4 |       |       ||    26
       Throwing net      |       |     2 |     7 |     3 |       |       ||    12
 Cast: Regeneration      |       |       |       |       |     6 |     1 ||     7
       Stoneskin         |       |       |       |       |     1 |       ||     1
Invok: Upheaval          |       |       |       |     2 |    26 |     4 ||    32
       Elemental Force   |       |       |       |       |     7 |     3 ||    10
       Disaster Area     |       |       |       |       |     4 |     7 ||    11
Evoke: Wand              |       |       |       |     4 |     9 |    24 ||    37
  Use: Scroll            |     5 |     1 |    16 |    17 |    17 |    10 ||    66
       Potion            |       |     4 |     3 |     5 |     2 |    18 ||    32
 Stab: Petrifying        |       |       |     3 |       |       |     1 ||     4
       Held in net/web   |       |       |     1 |       |       |       ||     1
       Paralysed         |       |       |     1 |     4 |       |       ||     5
       Confused          |       |       |     1 |       |       |       ||     1
       Fleeing           |       |       |       |       |     1 |       ||     1
       Invisible         |       |       |       |       |       |     3 ||     3
  Eat: Chunk             |     1 |     3 |    10 |     7 |    15 |       ||    36
       Beef jerky        |       |     1 |     1 |     7 |     2 |     3 ||    14
       Pizza             |       |       |     1 |       |     4 |     2 ||     7
       Bread ration      |       |       |     1 |     2 |     1 |       ||     4
       Fruit             |       |       |       |     8 |     3 |     8 ||    19
       Royal jelly       |       |       |       |     1 |     5 |     8 ||    14
